 Dungeon Crawl Stone Soup version 0.16.1-12-gf5c4a84 (webtiles) character file.

3384 Magnus the Skirmisher (level 9, 0/74 HPs)
             Began as a Mummy Gladiator on Apr 10, 2015.
             Was a Believer of Kikubaaqudgha.
             Slain by an elephant (14 damage)
             ... on level 9 of the Dungeon.
             The game lasted 00:39:04 (11639 turns).

Magnus the Skirmisher (Mummy Gladiator)            Turns: 11639, Time: 00:39:04

Health: 0/74       AC: 17    Str: 20    XL:     9   Next: 74%
Magic:  9/9        EV: 14    Int:  7    God:    Kikubaaqudgha [**....]
Gold:   480        SH:  0    Dex: 13    Spells: 0 memorised, 8 levels left

rFire  . . .     SeeInvis .     a - +1 long sword
rCold  + . .     Clarity  .     b - +2 ring mail {rF+}
rNeg   + + +     SustAb   .     (no shield)
rPois  ∞         Gourm    .     c - +0 helmet
rElec  .         Spirit   .     s - +0 cloak
rCorr  .         Warding  .     h - +0 pair of gloves
rMut   .         Stasis   +     e - +2 pair of boots
MR     +....                    n - amulet of stasis
Stlth  +.........               (no ring)
                                f - +4 ring of protection

@: somewhat resistant to hostile enchantments, very unstealthy
A: no food or potions, fire vulnerability, restore body, cold resistance 1,
negative energy resistance 3, poison resistance, torment resistance, unbreathing
a: Receive Corpses, Renounce Religion


You were on level 9 of the Dungeon.
You worshipped Kikubaaqudgha.
Kikubaaqudgha was pleased with you.
You were not hungry.

You visited 2 branches of the dungeon, and saw 10 of its levels.

You collected 480 gold pieces.

Inventory:

Hand weapons
 a - a +1 long sword (weapon)
 t - a +0 blowgun
Missiles
 u - 6 poisoned needles
Armour
 b - a +2 ring mail of fire resistance (worn)
 c - a +0 helmet (worn)
 e - a +2 pair of boots (worn)
 h - a +0 pair of gloves (worn)
 s - a +0 cloak (worn)
Jewellery
 f - a +4 ring of protection (left hand)
 n - an amulet of stasis (around neck)
 v - an uncursed ring of magical power
Magical devices
 d - a wand of slowing (0)
 m - a wand of polymorph (16)
Scrolls
 g - 3 scrolls of magic mapping
 i - 6 scrolls of identify
 j - a scroll of teleportation
 l - a scroll of blinking
 o - 2 scrolls of fog
 p - a scroll of fear {unknown}
 q - 2 scrolls of remove curse
 r - a scroll of enchant weapon
Books
 k - Kikubaaqudgha's Almanac of Evil
   (Kikubaaqudgha gifted it to you on level 8 of the Dungeon)

   Spells                             Type                      Level
   a - Animate Skeleton               Necromancy                   1
   b - Pain                           Necromancy                   1
   c - Corpse Rot                     Necromancy                   2
   d - Vampiric Draining              Necromancy                   3
   e - Control Undead                 Necromancy                   4
 w - a book of Callings

   Spells                             Type                      Level
   a - Summon Small Mammal            Summoning                    1
   b - Call Imp                       Summoning                    2
   c - Call Canine Familiar           Summoning                    3
   d - Summon Guardian Golem          Hexes/Summoning              4
   e - Summon Lightning Spire         Summoning/Air                4
   f - Summon Ice Beast               Ice/Summoning                4


   Skills:
 + Level 7.8 Fighting
 + Level 7.1 Long Blades
 - Level 1.5 Throwing
 + Level 7.2 Dodging
 + Level 2.6 Necromancy


You had 8 spell levels left.
You didn't know any spells.

Dungeon Overview and Level Annotations

Branches:
Dungeon (9/15)             Temple (1/1) D:4            Lair (0/8) D:9
    Orc: D:9-12

Altars:
Ashenzari
Cheibriados
Dithmenos
Elyvilon
Fedhas
Gozag
Kikubaaqudgha
Makhleb
Nemelex Xobeh
Okawaru
Qazlal
Ru
Sif Muna
Trog
Vehumet
Xom
Yredelemnul
Zin
The Shining One


Innate Abilities, Weirdness & Mutations

You do not eat or drink.
Your flesh is vulnerable to fire.
Your flesh is cold resistant.
You are immune to negative energy.
Your system is resistant to poisons.
You are immune to unholy pain and torment.
You can survive without breathing.


Message History

* * * LOW HITPOINT WARNING * * *
The sheep bites you but does no damage.
You hit the elephant but do no damage.
The elephant is almost dead.
The sheep bites you but does no damage. The elephant tramples you.
* * * LOW HITPOINT WARNING * * *
You hold your ground!
The elephant trunk-slaps you but does no damage.
You hit the elephant but do no damage.
The elephant is almost dead.
The sheep misses you. The elephant tramples you.
* * * LOW HITPOINT WARNING * * *
You hold your ground!
The elephant trunk-slaps you but does no damage.
Unknown command.
You hit the elephant.
The elephant is almost dead.
The elephant tramples you!
You die...
Kikubaaqudgha rasps: "You have failed me!
Welcome... oblivion!"

#.. ##...#.>.. #######.#+##
##...#.... #.....#....#
#....+.... #..........#
#....#....
+.........#######...#....
###...##..#.....#...#####
#...##Y##.....#...##...
#Y..##YY'.....#........
.YY........##@.#.....+........
>.........###+#.....#+####...
.Y........#..............#'##
...P..#...#....##+##.........
....##...+....#...'.........
.## #...#....+...#.........
+#### ...#...#.........
.#...####+#....
#+###...##...#....


You could see an elephant and 2 sheep.

Vanquished Creatures
  Grinder (D:6)
  The ghost of Rustlers the Skirmisher, an average HuAr of Fedhas (D:3)
  3 hippogriffs
  An ice beast (D:8)
  A sky beast (D:8)
  2 ogres
  An orc warrior (D:8)
  A necrophage (D:8)
  2 phantoms
  3 centaurs
  5 giant frogs
  5 killer bees
  7 crimson imps
  2 orc priests
  3 hounds
  A giant frog zombie (D:6)
  3 goliath beetles (D:6)
  2 iguanas
  8 orc wizards
  2 worker ants
  A hound zombie (D:6)
  Robin (D:3)
  8 gnolls
  8 adders
  A giant mite (D:4)
  2 worms
  A shadow imp (D:5)
  An adder zombie (D:4)
  An adder skeleton (D:6)
  3 giant geckos
  2 oozes (D:5)
  28 orcs
  17 bats
  A bat skeleton (D:6)
  22 goblins
  17 hobgoblins
  10 jackals
  17 kobolds
  2 quokkas
  A ball python (D:1)
  A ball python skeleton (D:4)
  5 giant cockroaches
  A giant gecko skeleton (D:4)
  5 giant newts
  16 rats
  A ballistomycete (D:8)
227 creatures vanquished.

Vanquished Creatures (others)
  A giant spore (D:8)
1 creature vanquished.

Grand Total: 228 creatures vanquished

Notes
Turn   | Place    | Note
--------------------------------------------------------------
     0 | D:1      | Magnus, the Mummy Gladiator, began the quest for the Orb.
     0 | D:1      | Reached XP level 1. HP: 16/16 MP: 1/1
   239 | D:1      | Reached XP level 2. HP: 19/22 MP: 2/2
   823 | D:1      | Reached XP level 3. HP: 25/28 MP: 3/3
  1309 | D:2      | Reached skill level 3 in Long Blades
  1984 | D:2      | Reached XP level 4. HP: 29/34 MP: 4/4
  2931 | D:3      | Reached XP level 5. HP: 39/41 MP: 5/5
  3094 | D:3      | Found a stormy altar of Qazlal.
  3173 | D:3      | Noticed Rustlers' ghost (average HuAr)
  3196 | D:3      | Killed Rustlers' ghost
  3196 | D:3      | Reached XP level 6. HP: 19/48 MP: 6/6
  3610 | D:3      | Noticed Robin
  3629 | D:3      | Reached skill level 4 in Dodging
  3803 | D:3      | Killed Robin
  4525 | D:4      | Found a staircase to the Ecumenical Temple.
  4537 | Temple   | Entered the Ecumenical Temple
  4672 | Temple   | Became a worshipper of Kikubaaqudgha
  5006 | D:4      | Reached XP level 7. HP: 37/55 MP: 7/7
  5449 | D:5      | Entered Level 5 of the Dungeon
  5546 | D:5      | Found a shattered altar of Ashenzari.
  5757 | D:5      | Found a shadowy altar of Dithmenos.
  5819 | D:5      | Found a bloodstained altar of Trog.
  5956 | D:5      | You fall through a shaft for 3 floors!
  5963 | D:8      | Acquired Kikubaaqudgha's first power
  5963 | D:8      | Received a gift from Kikubaaqudgha
  5964 | D:8      | Identified Kikubaaqudgha's Almanac of Evil (Kikubaaqudgha gifted it to you on level 8 of the Dungeon)
  6035 | D:8      | Reached skill level 5 in Fighting
  6066 | D:8      | Reached skill level 5 in Dodging
  6226 | D:8      | Reached skill level 5 in Long Blades
  6295 | D:8      | Reached XP level 8. HP: 42/62 MP: 8/8
  6952 | D:9      | HP: 3/64 [killer bee (8)]
  7343 | D:8      | Reached skill level 6 in Fighting
  8097 | D:6      | Found a shimmering altar of Xom.
  8184 | D:6      | Acquired Kikubaaqudgha's second power
  8936 | D:6      | Found a sparkling altar of Nemelex Xobeh.
  8937 | D:6      | Found a glowing silver altar of Zin.
  9154 | D:6      | Reached XP level 9. HP: 71/71 MP: 9/9
  9355 | D:6      | Noticed Grinder
  9445 | D:6      | Killed Grinder
  9445 | D:6      | Reached skill level 7 in Fighting
 10472 | D:7      | Reached skill level 1 in Necromancy
 11609 | D:9      | Found a staircase to the Lair.
 11609 | D:9      | Noticed an elephant
 11639 | D:9      | Slain by an elephant

Action                   |  1- 3 |  4- 6 |  7- 9 || total
-------------------------+-------+-------+-------++-------
Melee: Long sword        |   132 |   260 |   703 ||  1095
Throw: Throwing net      |       |     3 |     4 ||     7
Evoke: Wand              |       |       |     4 ||     4
  Use: Scroll            |       |    11 |     3 ||    14
 Stab: Held in net/web   |       |       |     1 ||     1
